 Seeded DCSS version 0.27.1-34-g3ba077fa99 (webtiles) character file.

Game seed: 8840528127268114696 (custom seed)

2 hikkokomori the Chiller (level 1, -2/13 HPs)
             Began as a Merfolk Ice Elementalist on Feb 2, 2022.
             Slain by a kobold (5 damage)
             ... on level 1 of the Dungeon.
             The game lasted 00:02:31 (150 turns).

hikkokomori the Chiller (Merfolk Ice Elementalist)   Turns: 150, Time: 00:02:31

Health: -2/13      AC:  5    Str:  8    XL:     1   Next: 30%
Magic:  3/3        EV:  9    Int: 20    God:
Gold:   818        SH:  8    Dex: 14    Spells: 3/4 levels left

rFire    . . .     SeeInvis .   d - staff of cold
rCold    + . .     Faith    .   b - +2 kite shield {AC+3}
rNeg     . . .     Spirit   .   a - +0 robe
rPois    .         Reflect  .   (no helmet)
rElec    .         Harm     .   (no cloak)
rCorr    .         Rampage  .   (no gloves)
Will     .....                  (no boots)
Stlth    ++........             (no amulet)
HPRegen  0.04/turn              c - +6 ring of intelligence
MPRegen  0.08/turn              (no ring)

@: no status effects
A: (nimble swimmer 2), mertail
a: no special abilities


You were on level 1 of the Dungeon.
You visited 1 branch of the dungeon, and saw 1 of its levels.

You collected 818 gold pieces.

Inventory:

Armour
 a - a +0 robe (worn)
 b - a +2 kite shield of protection (worn)
Magical Staves
 d - a staff of cold (weapon)
Jewellery
 c - a +6 ring of intelligence (left hand)
 e - a ring of positive energy


   Skills:
 + Level 0.0 Fighting
 + Level 2.7 Dodging
 + Level 2.2 Stealth
 - Level 2.0 Spellcasting
 + Level 4.4 Ice Magic
 + Level 0.0 Evocations


You had 3 spell levels left.
You knew the following spells:

 Your Spells              Type           Power      Damage    Failure   Level
a - Freeze                Ice            100%       1d11      19%         1

Your spell library contained the following spells:

 Spells                   Type           Power      Damage    Failure   Level
 Frozen Ramparts          Ice            58%        1d7       47%         3
 Ozocubu's Armour         Ice            29%        N/A       47%         3
 Hailstorm                Conj/Ice       16%        3d6       99%         4


Dungeon Overview and Level Annotations

Branches:
Dungeon (1/15)

Altars:


Innate Abilities, Weirdness & Mutations

((You are quick and stealthy near water. (Stealth+, EV+, Speed+++)))
Your lower body shifts to a powerful aquatic tail in water.


Message History

Found a bronze ring.
You now have 3 gold pieces.
c - a +6 ring of intelligence
Found a robe.
You feel clever.
c - a +6 ring of intelligence (left hand) This is a scroll of acquirement!
Something appears at your feet!
You now have 818 gold pieces (gained 815).
Something appears at your feet! Something appears at your feet!
b - a +2 kite shield of protection;
d - a staff of cold
d - a staff of cold (weapon)
You start putting on your armour.
You continue putting on your +2 kite shield of protection. x4
You finish putting on your +2 kite shield of protection.
You feel protected.
Found a shiny iron ring.
A kobold comes into view. It is wielding a +0 short sword.
A kobold is nearby!
The kobold shouts!
You see here a ring of positive energy.
e - a ring of positive energy A bat comes into view.
The bat moves out of view.
The bat hits you but does no damage.
You hit the bat.
You kill the bat!
You hit the kobold but do no damage.
The kobold hits you with a +0 short sword.
You block the kobold's attack.
You closely miss the kobold.
The kobold hits you with a +0 short sword.
You are too injured to fight recklessly!
Unknown command.
You barely miss the kobold.
The kobold hits you with a +0 short sword.
* * * LOW HITPOINT WARNING * * *
The kobold hits you with a +0 short sword.
You die...

...... ...
#......#.#.#.#
......
....###....###.#
..#.. ....#.#....#
. ..#..
...........# .#. .
##.
.........#.##..#.#
## #.##...........
# #....##..#....#
..........###.#
#.#####.@K..#...
........†##.# ##
......... ...
.......##. ...
.##.###. .. ## #.
. .. # . ###


You could see a kobold.

Vanquished Creatures
  A bat (D:1)
  A ball python (D:1)
2 creatures vanquished.

Notes
Turn   | Place    | Note
-------+----------+-------------------------------------------
     0 | D:1      | hikkokomori the Merfolk Ice Elementalist began the quest
                  | for the Orb.
     0 | D:1      | Reached XP level 1. HP: 13/13 MP: 3/3
   125 | D:1      | Identified 3 scrolls of acquirement
   125 | D:1      | Acquired 815 gold pieces
   127 | D:1      | Acquired a +2 kite shield of protection
   128 | D:1      | Acquired a staff of cold
   150 | D:1      | Slain by a kobold

Illustrated notes

Levels and vault maps discovered:
D:1:      minmay_arrival_semitransparent, layout_basic

Action                   || total
-------------------------++-------
Melee: Staff             ||     4
 Cast: Freeze            ||     2
  Use: Scroll            ||     3
Armor: Robe              ||     2
Dodge: Dodged            ||     1
Block: Kite shield       ||     1
